 Dungeon Crawl Stone Soup version 0.27-a0-978-g2aa4ecdaef (webtiles) character file.

Game seed: 4950769800514895220

377 robertstho the Magician (level 6, -2/41 HPs)
             Began as a Djinni Fire Elementalist on Apr 14, 2021.
             Shot with an arrow by a centaur (9 damage)
             ... on level 5 of the Dungeon.
             The game lasted 00:04:47 (4480 turns).

robertstho the Magician (Djinni Fire Elementalist)  Turns: 4480, Time: 00:04:48

Health: -2/41      AC:  4    Str:  7    XL:     6   Next: 73%
Gold:   54         EV: 13    Int: 19    God:
                   SH:  0    Dex: 13

rFire    + + .     SeeInvis .   l - +4 flail
rCold    x . .     Faith    .   (no shield)
rNeg     . . .     Spirit   .   a - +0 robe
rPois    ∞         Reflect  .   i - +1 helmet
rElec    .         Harm     .   (no cloak)
rCorr    .         Rampage  .   (no gloves)
Will     .....                  (boots unavailable)
Stlth    ++........             (no amulet)
HPRegen  0.13/turn              (no ring)
MPRegen  0.00/turn              (no ring)

@: flying
A: fire resistance 2, cold vulnerability 1, float, innate caster, hp casting,
extra vitality 1
a: no special abilities


You were on level 5 of the Dungeon.
You visited 1 branch of the dungeon, and saw 5 of its levels.

You collected 54 gold pieces.

Inventory:

Hand Weapons
 e - a +0 dagger
 l - a +4 flail (weapon)
Armour
 a - a +0 robe (worn)
 i - a +1 helmet (worn)
Scrolls
 b - a scroll of enchant weapon
 d - a scroll of blinking {unknown}
 g - a scroll of teleportation {unknown}
Potions
 f - 2 potions of attraction
 h - a potion of curing {unknown}
 j - 2 potions of brilliance {unknown}
 k - a potion of magic {unknown}
 m - a potion of flight {unknown}


   Skills:
 + Level 0.4 Fighting
 + Level 3.3 Dodging
 + Level 2.5 Stealth
 + Level 5.5 Spellcasting


You couldn't memorise any spells.
You knew the following spells:

 Your Spells              Type           Power      Damage    Failure   Level
a - Foxfire               Conj/Fire      100%       2x1d9     1%          1
b - Conjure Flame         Conj/Fire      26%        6-21      3%          3
c - Inner Flame           Hex/Fire       26%        N/A       3%          3
d - Sticky Flame          Conj/Fire      26%        2d5       12%         4
e - Fireball              Conj/Fire      13%        3d7       34%         5
f - Freeze                Ice            100%       1d11      1%          1
g - Call Imp              Summ           26%        N/A       1%          2
Your spell library was empty.

Dungeon Overview and Level Annotations

Branches:
Dungeon (5/15)
 Temple: D:4-7

Altars:
Kikubaaqudgha

Annotations:
D:3 3 runed translucent doors, noodleboyJ's ghost, amateur OpVM


Innate Abilities, Weirdness & Mutations

You are immune to poison.
Your flesh is very heat resistant. (rF++)
You are vulnerable to cold. (rC-)
You float through the air rather than walking.
You learn spells naturally, not from books.
Your magical power is your life essence.
You have superior vitality. (+4 HP)


Message History

You conjure some foxfire!
The hound barks!
The foxfire hits the hound.
The hound is lightly wounded.
A centaur comes into view.
Casting: Foxfire (safe; 1% risk of failure)
Confirm with . or Enter, or press ? or * to list all spells.
You conjure some foxfire!
The foxfire hits the hound.
The hound is moderately wounded.
The centaur wields a +0 shortbow.
The centaur shoots an arrow.
The arrow hits you.
The centaur shoots an arrow.
The arrow closely misses you.
The foxfire hits the hound.
The hound is severely wounded.
The foxfire hits the hound!
You kill the hound!
A centaur comes into view.
Casting: Foxfire (safe; 1% risk of failure)
Confirm with . or Enter, or press ? or * to list all spells.
You conjure some foxfire!
The centaur shouts!
The centaur shoots an arrow.
The arrow hits you!
The foxfire hits the centaur but does no damage.
The foxfire hits the centaur!
The centaur is heavily wounded.
The centaur shoots an arrow.
The arrow misses you.
Casting: Foxfire (safe; 1% risk of failure)
Confirm with . or Enter, or press ? or * to list all spells.
You conjure some foxfire!
The centaur hits you. The centaur barely misses you. The centaur misses you.
The centaur kicks you but does no damage.
The foxfire hits the centaur.
The centaur is heavily wounded.
The foxfire hits the centaur.
The centaur is severely wounded.
The centaur closely misses you. The centaur barely misses you.
The centaur shoots an arrow.
The arrow hits you!
* * * LOW HITPOINT WARNING * * *
The centaur wields a +0 shortbow.
The centaur shoots an arrow.
The arrow hits you!
You die...

..(# ..## #..# ..#
#..# ..# #... ..#
###..# #.# ....#
#.# ..# #..# #.#
.....#c.#######.#
#.<...@.....#)#
#.c#..#####.#.#
..............#)#
..#.###.#####.#<###
... #.........>.#
.# #.#####.###.#
.## #.# #.# # #.#
#.# #.# #.#


You could see 2 centaurs.

Vanquished Creatures
  2 ogres (D:4)
  A hound (D:5)
  A bullfrog skeleton (D:5)
  3 gnolls (D:3)
  5 adders
  An ufetubus (D:5)
  An adder skeleton (D:5)
  2 dart slugs
  6 orcs
  6 bats
  9 endoplasms
  A giant cockroach (D:1)
  5 goblins
  6 hobgoblins
  A quokka (D:1)
  2 ball pythons
  3 frilled lizards (D:1)
  4 kobolds
  5 rats
64 creatures vanquished.

Vanquished Creatures (others)
  220 foxfires
  3 fungi (D:3)
  A plant (D:3)
  7 toadstools (D:1)
231 creatures vanquished.

Grand Total: 295 creatures vanquished

Notes
Turn   | Place    | Note
-------+----------+-------------------------------------------
     0 | D:1      | robertstho the Djinni Fire Elementalist began the quest for
                  | the Orb.
     0 | D:1      | Reached XP level 1. HP: 15/15 MP: 0/0
   383 | D:1      | Reached skill level 3 in Spellcasting
   417 | D:1      | Reached XP level 2. HP: 20/21 MP: 0/0
  1060 | D:1      | Reached XP level 3. HP: 16/25 MP: 0/0
  1060 | D:1      | Learned a level 1 spell: Freeze
  1199 | D:1      | HP: 1/25 [frozen (7)]
  1806 | D:2      | You are sucked into a shaft and drop 1 floor!
  2208 | D:4      | Noticed an ogre
  2224 | D:4      | Killed an ogre
  2225 | D:4      | Reached skill level 4 in Spellcasting
  2225 | D:4      | Reached XP level 4. HP: 18/31 MP: 0/0
  2225 | D:4      | Reached XP level 5. HP: 20/35 MP: 0/0
  2225 | D:4      | Learned a level 2 spell: Call Imp
  2966 | D:3      | Noticed a kobold brigand
  2966 | D:3      | Noticed noodleboyJ's ghost (amateur OpVM)
  3010 | D:3      | Found a runed translucent gate.
  3012 | D:3      | Found a runed translucent gate.
  3013 | D:3      | Found a runed translucent gate.
  3938 | D:4      | Noticed an ogre
  3946 | D:4      | Killed an ogre
  3947 | D:4      | Reached skill level 5 in Spellcasting
  3947 | D:4      | Reached XP level 6. HP: 35/40 MP: 0/0
  4117 | D:5      | Entered Level 5 of the Dungeon
  4480 | D:5      | Shot with an arrow by a centaur

Illustrated notes

Levels and vault maps discovered:
D:1:      nagdon_arrival_double_spiral, layout_loops_ring, serial_rivers,
          chequers_serial_rivers_micro_e, chequers_serial_rivers_large_b,
          chequers_serial_rivers_room_a, chequers_serial_rivers_micro_d,
          chequers_serial_rivers_room_a, chequers_serial_rivers_micro_c
D:2:      layout_loops_ring, chequers_ecumenical_altar_twisty,
          minmay_split_cup_small
D:3:      layout_loops_cross, gammafunk_ghost_nasty_kobolds, minmay_cut_off
D:4:      layout_loops_ring, lemuel_zombie_altar_kikubaaqudgha,
          kennysheep_small_spiral
D:5:      layout_loops_ring, nicolae_ru_great_annihilating_truth,
          gammafunk_ghost_stat_death, lexackson_kobold_supper

Skill      XL: |  1  2  3  4  5 |
---------------+----------------+-----
Spellcasting   | 3 4 5 |  5.5
Dodging        | 3 |  3.3
Stealth        | 2 |  2.5
Fighting       | |  0.4

Action                   |  1- 3 |  4- 6 || total
-------------------------+-------+-------++-------
 Cast: Foxfire           |    63 |    76 ||   139
       Sticky Flame      |       |     1 ||     1
  Use: Potion            |     1 |       ||     1
       Scroll            |       |     2 ||     2
Armor: Robe              |     2 |     8 ||    10
Dodge: Dodged            |    14 |    30 ||    44

Table legend: (Time is in decaauts)
 A = Elapsed time spent in this place.
 B = Non-inter-level travel time spent in this place.
 C = Inter-level travel time spent in this place.
 D = Time resting spent in this place.
 E = Time spent auto-exploring this place.
 F = Levels seen in this place.
 G = Mean time per level.
                   A        B        C        D        E       F      G
               +--------+--------+--------+--------+--------+-----+--------+
         Total |   4479 |   4377 |    102 |    772 |   3110 |   5 |  895.8 |
       Dungeon |   4479 |   4377 |    102 |    772 |   3110 |   5 |  895.8 |
               +--------+--------+--------+--------+--------+-----+--------+

Top non-repeatable levels by time:
     D:1: 1562 daAuts
     D:4: 1414 daAuts
     D:3: 1138 daAuts
     D:2: 242 daAuts
     D:5: 121 daAuts
